cohdb
Replays
Latest Replays
All Replays
Popular Replays
Top Player Replays
Match Explorer
How It Works
Community
CoH3 Stats
Reddit
Sign in to upload your games and track your stats! →
Sign in with Steam
low elo legends duking it out Kappa
Match 10685446
Overview
Messages
Build Orders
End
Scout Squad
Selects Airborne Battlegroup
Selects Pathfinders
Construct Barracks
1⁄4-ton 4x4 Truck
Riflemen Squad
Riflemen Squad
Riflemen Squad
Air Support Center
Construct Medical Station
Selects Smoke Bombing Run
Riflemen Squad
Selects Paratrooper Squad Paradrop
Selects Anti-tank Gun Team Paradrop
Grasshopper High-Altitude Recon Run
Construct Tank Depot
Smoke Bombing Run
P-47 Strafing Run
M4A1 Sherman Medium Tank
Selects Supply Drop
Smoke Bombing Run
Supply Drop
P-47 Strafing Run
M1918 Browing Automatic Rifles
Grasshopper High-Altitude Recon Run
Selects Dual P-47 Rocket Strike
Engineer Squad
P-47 Strafing Run
Dual P-47 Rocket Strike
M18 Hellcat Tank Destroyer
P-47 Strafing Run
Double Sortie
Supply Drop
Air Supply
Dual P-47 Rocket Strike
P-47 Dive Bomb
P-47 Dive Bomb
Smoke Bombing Run
M18 Hellcat Tank Destroyer
Supply Drop
P-47 Dive Bomb
Dual P-47 Rocket Strike
Air Supremacy
M4A1 Sherman Medium Tank
Advanced Air Reconnaissance
Grasshopper Recon Run
P-47 Dive Bomb
Dual P-47 Rocket Strike
oki
Spifio
[10th] redrum II
†Uddes†
Хозяин
PanzerFoster
Twelve_Monkeys
HbA1c9800%Kamayatsu
0
0
Comments
sign in to comment!
No comments posted yet!